 Dungeon Crawl Stone Soup version 0.31-a0-596-g831eee08f1 (webtiles) character file.

Game seed: 3142758549408775465

1122 Adrian566 the Ruffian (level 8, -4/67 HPs)
             Began as a Troll Shapeshifter on Aug 3, 2023.
             Slain by a gnoll sergeant
             ... wielding a +2 spear of venom
              (11 damage)
             ... on level 6 of the Dungeon on Aug 20, 2023.
             The game lasted 00:06:11 (3896 turns).

Adrian566 the Ruffian (Troll Shapeshifter)          Turns: 3896, Time: 00:06:11

Health: -4/67      AC: 10    Str: 26    XL:     8   Next: 12%
Magic:  0/7        EV: 10    Int:  4    God:
Gold:   295        SH:  0    Dex: 10    Spells: 7/7 levels left

rFire   + .          .
                       - Unarmed
rCold   x . .        (shield currently unavailable)
rNeg    . . .        a - +0 animal skin
rPois   .            (helmet restricted)
rElec   .            e - +1 cloak {Stlth+}
rCorr   .            (gloves unavailable)
SInv    .            (boots unavailable)
Will    .....        f - amulet of guardian spirit
Stlth   +            k - +4 ring of protection
HPRegen 1.11/turn    s - ring of fire
MPRegen 0.10/turn

%: guardian spirit
@: about to teleport, flux-form, glowing
A: glow, contaminating, reduced hp, large, unfitting armour, claws 3,
regeneration 1, shaggy fur 1, tough skin 1
a: Begin Untransformation


You were on level 6 of the Dungeon.
You were something dangerously unstable.
You visited 1 branch of the dungeon, and saw 6 of its levels.

You collected 295 gold pieces.

Inventory:

Missiles
 u - 2 throwing nets
Armour
 a - a +0 animal skin (worn)
 e - a +1 cloak of stealth (worn)
Jewellery
 d - a ring of willpower
 f - an amulet of guardian spirit (around neck)
 k - a +4 ring of protection (left claw)
 q - an amulet of magic regeneration
 s - a ring of fire (right claw)
Talismans
 c - a beast talisman
 n - a dragon-blood talisman
 p - a flux talisman (active)
Wands
 o - a wand of flame (13)
Scrolls
 g - 2 scrolls of vulnerability
 m - a scroll of fog
Potions
 b - 4 potions of lignification
 h - 3 potions of enlightenment
 l - a potion of magic
 r - a potion of degeneration
 t - a potion of brilliance
 v - a potion of resistance {unknown}
 w - 2 potions of attraction {unknown}


   Skills:
 + Level 1.4 Fighting
 + Level 3.5 Dodging
 + Level 0.4 Stealth
 + Level 7.0 Unarmed Combat
 * Level 5.5 Shapeshifting


You had 7 spell levels left.
You didn't know any spells.
Your spell library contained the following spells:

 Spells                   Type           Power      Damage    Failure   Level
 Shock                    Conj/Air       0%         1d3       50%         1
 Portal Projectile        Hex/Tloc       0%         N/A       86%         3
 Swiftness                Air            0%         N/A       86%         3
 Tukima's Dance           Hex            0%         N/A       86%         3
 Airstrike                Air            0%         2d(0-16)  99%         4
 Iskenderun's Mystic Bla  Conj/Tloc      0%         2d3       99%         4
 Simulacrum               Ice/Necr       0%         N/A       100%        6
 Ozocubu's Refrigeration  Ice            0%         4d7       100%        7
 Polar Vortex             Ice            0%         N/A       100%        9


Dungeon Overview and Level Annotations

Branches:
Dungeon (6/15)
 Temple: D:4-7

Altars:
Sif Muna


Innate Abilities, Weirdness & Mutations

You are something dangerously unstable.
You glow with magical radiation, making you easy to see and hit.
Foes you strike become dangerously contaminated with magical radiation.
Your maximum health is decreased, since you lack skill for your form.
You are incapable of wielding weapons or throwing items.
You are too large for most types of armour.
You have claws for hands.
Your natural rate of healing is unusually fast.
You are covered in fur. (AC +1)
You have tough skin. (AC +1)


Message History

You are too injured to fight recklessly!
You claw the gnoll sergeant!
The gnoll sergeant begins to glow.
The gnoll sergeant is heavily wounded.
You feel very sick.
The gnoll sergeant hits you with a +2 spear of venom.
You are more poisoned.
The gnoll barely misses you.
Unknown command.
You claw the gnoll sergeant!
The gnoll sergeant glows dangerously bright.
The gnoll sergeant is severely wounded.
* * * LOW HITPOINT WARNING * * *
You feel very sick.
The gnoll sergeant hits you with a +2 spear of venom!
* * * LOW HITPOINT WARNING * * *
The gnoll hits you with a +0 spear.
* * * LOW HITPOINT WARNING * * *
Okay, then.
You feel better.
The gnoll sergeant hits you with a +2 spear of venom.
* * * LOW HITPOINT WARNING * * *
The gnoll closely misses you.
As you read the scroll of teleportation, it crumbles to dust.
You feel strangely unstable.
The gnoll sergeant completely misses you.
The gnoll hits you with a +0 spear.
* * * LOW HITPOINT WARNING * * *
The gnoll sergeant hits you from afar with a +2 spear of venom.
* * * LOW HITPOINT WARNING * * *
The gnoll hits you but does no damage.
You see here a +0 dagger.
The gnoll attacks as it pursues you!
The gnoll hits you from afar with a +0 spear.
* * * LOW HITPOINT WARNING * * *
The gnoll sergeant attacks as it pursues you!
The gnoll sergeant hits you from afar with a +2 spear of venom!
* * * LOW HITPOINT WARNING * * *
The gnoll sergeant attacks as it pursues you!
The gnoll sergeant hits you from afar with a +2 spear of venom!
You die...

#...........#
#........#......<....#
#.....$..#...........#
#..).....#...........#
.........#...........#
.........####'####...#
..!....g.........#####
.....................
.......gg.B..........
.......).............
.......!.............
.....................
.....................
.################...
##


You could see a gnoll sergeant (contam) and 2 gnolls.

Vanquished Creatures
  A wraith (D:6)
  2 water moccasins
  2 phantoms (D:5)
  A scorpion (D:4)
  A gnoll sergeant (D:5)
  2 hounds (D:5)
  2 iguanas
  6 orc wizards
  6 gnolls
  5 adders
  2 white imps
  A worm (D:5)
  2 dart slugs
  18 orcs
  8 ball pythons
  5 bats
  5 endoplasms
  7 giant cockroaches
  7 goblins
  4 hobgoblins
  14 jackals
  2 quokkas
  6 frilled lizards
  10 kobolds
  6 rats
125 creatures vanquished.

Notes
Turn   | Place    | Note
-------+----------+-------------------------------------------
     0 | D:1      | Adrian566 the Troll Shapeshifter began the quest for the
                  | Orb.
     0 | D:1      | Reached XP level 1. HP: 18/18 MP: 0/0
    96 | D:1      | Reached XP level 2. HP: 22/26 MP: 1/1
   137 | D:1      | Upgraded the game from 0.31-a0-455-g1a7b003ef0 to
                  | 0.31-a0-596-g831eee08f1
   414 | D:1      | Reached XP level 3. HP: 31/31 MP: 2/2
   753 | D:2      | Found a shimmering blue altar of Sif Muna.
   853 | D:2      | Found a faded altar of an unknown god.
  1392 | D:3      | Reached skill level 1 in Fighting
  1410 | D:3      | Reached XP level 4. HP: 38/41 MP: 3/3
  1626 | D:3      | Reached skill level 4 in Unarmed Combat
  1823 | D:3      | Identified a scroll of acquirement
  1823 | D:3      | Acquired a +0 cloak of stealth
  1897 | D:4      | Noticed a scorpion
  1909 | D:4      | Killed a scorpion
  1910 | D:4      | Reached XP level 5. HP: 32/48 MP: 4/4
  2861 | D:5      | Entered Level 5 of the Dungeon
  2863 | D:5      | Noticed a water moccasin
  2873 | D:5      | Killed a water moccasin
  2874 | D:5      | Reached skill level 5 in Unarmed Combat
  2874 | D:5      | Reached XP level 6. HP: 14/55 MP: 2/5
  3198 | D:5      | Reached XP level 7. HP: 37/62 MP: 4/6
  3307 | D:5      | Reached skill level 6 in Unarmed Combat
  3332 | D:5      | Reached skill level 5 in Shapeshifting
  3850 | D:6      | Noticed a wraith
  3860 | D:6      | Killed a wraith
  3861 | D:6      | Reached XP level 8. HP: 63/70 MP: 5/7
  3889 | D:6      | Reached skill level 7 in Unarmed Combat
  3896 | D:6      | Slain by a gnoll sergeant

Illustrated notes

Levels and vault maps discovered:
D:1:      ncdulo_wetmaze, layout_basic, st_stairs_9, minmay_worlds_worst_comb
D:2:      layout_rooms, hellmonk_ecumenical_altar_prayer_group, basic_altar,
          minmay_pentomino_s2
D:3:      layout_loops_cross, corner_web_ring, corexii_shack
D:4:      layout_loops_corners, nicolae_half_adder
D:5:      layout_basic, kennysheep_generic_room_9
D:6:      layout_gridville, item_on_display_b

Skill      XL: |  1  2  3  4  5  6  7  8 |
---------------+-------------------------+-----
Dodging        | 2 3 |  3.5
Fighting       | 1 |  1.4
Unarmed Combat | 4 5 6 7 |  7.0
Shapeshifting  | 4 5 |  5.5
Stealth        | |  0.4

Action                     |  1- 3 |  4- 6 |  7- 9 || total
---------------------------+-------+-------+-------++-------
  Melee: Unarmed           |   105 |   152 |    75 ||   332
         Punch             |     3 |       |       ||     3
         Bite              |     1 |       |       ||     1
    Use: Scroll            |       |     9 |     2 ||    11
         Potion            |       |     2 |     1 ||     3
   Stab: Sleeping          |     2 |       |       ||     2
 Armour: Animal skin       |    38 |    48 |    43 ||   129
  Dodge: Dodged            |    54 |   104 |    32 ||   190
         Form:             |     1 |       |       ||     1
         Dragon            |     1 |       |       ||     1
         Flux              |       |     1 |       ||     1

Table legend: (Time is in decaauts)
 A = Elapsed time spent in this place.
 B = Non-inter-level travel time spent in this place.
 C = Inter-level travel time spent in this place.
 D = Time resting spent in this place.
 E = Time spent auto-exploring this place.
 F = Levels seen in this place.
 G = Mean time per level.
                   A        B        C        D        E       F      G
               +--------+--------+--------+--------+--------+-----+--------+
         Total |   3871 |   3751 |    120 |    246 |   2819 |   6 |  645.2 |
       Dungeon |   3871 |   3751 |    120 |    246 |   2819 |   6 |  645.2 |
               +--------+--------+--------+--------+--------+-----+--------+

Top non-repeatable levels by time:
     D:4: 968 daAuts
     D:5: 955 daAuts
     D:1: 702 daAuts
     D:3: 620 daAuts
     D:2: 554 daAuts
     D:6: 70 daAuts
